 Dungeon Crawl Stone Soup version 0.28-a0-1594-ga885d4b3d6 (webtiles) character file.

Game seed: 6167400063230793718

93 parzival7114810 the Chopper (level 4, 0/40 HPs)
             Began as a Hill Orc Fighter on Jan 20, 2022.
             Succumbed to an adder's poison
             ... on level 5 of the Dungeon.
             The game lasted 00:05:59 (2909 turns).

parzival7114810 the Chopper (Hill Orc Fighter)      Turns: 2909, Time: 00:05:59

Health: 0/40       AC:  8    Str: 20    XL:     4   Next: 62%
Magic:  4/4        EV:  9    Int:  8    God:
Gold:   166        SH:  4    Dex: 10    Spells: 3/3 levels left

rFire   . . .      SeeInvis .   a - +1 war axe
rCold   . . .      Faith    .   c - +0 buckler
rNeg    . . .      Spirit   .   b - +0 scale mail
rPois   .          Reflect  .   (no helmet)
rElec   .          Harm     .   (no cloak)
rCorr   .          Rampage  .   i - +0 pair of gloves
Will    .....                   (no boots)
Stlth   ..........              (no amulet)
HPRegen 0.13/turn               (no ring)
MPRegen 0.09/turn               (no ring)

@: lethally poisoned (0 -> -1)
A: no striking features
a: no special abilities


You were on level 5 of the Dungeon.
You visited 1 branch of the dungeon, and saw 5 of its levels.

You collected 166 gold pieces.

Inventory:

Hand Weapons
 a - a +1 war axe (weapon)
Armour
 b - a +0 scale mail (worn)
 c - a +0 buckler (worn)
 i - a +0 pair of gloves (worn)
Jewellery
 g - a ring of resist corrosion
Potions
 d - a potion of might
 f - a potion of brilliance
 h - a potion of curing


   Skills:
 + Level 4.1 Fighting
 + Level 4.6 Axes
 + Level 4.0 Armour
 + Level 0.2 Dodging
 + Level 3.7 Shields


You had 3 spell levels left.
You didn't know any spells.
Your spell library contained the following spells:

 Spells                   Type           Power      Damage    Failure   Level
 Ozocubu's Armour         Ice            0%         N/A       99%         3
 Tukima's Dance           Hex            0%         N/A       99%         3
 Passage of Golubria      Tloc           0%         N/A       100%        4
 Yara's Violent Unravell  Hex/Tmut       0%         3d3       100%        5
 Ozocubu's Refrigeration  Ice            0%         4d5       100%        7


Dungeon Overview and Level Annotations

Branches:
Dungeon (5/15)
 Temple: D:4-7

Altars:

Shops:
D:1 [[(:


Message History

You climb downwards.
You hear the sound of rushing water.
There is an entrance to a sewer on this level.
Hurry and find it before the portal rusts away!
* * * LOW HITPOINT WARNING * * *
You feel sick.
Found 13 gold pieces.
There is a stone staircase leading up here.
You can't go down here!
You feel sick. The adder barely misses you.
The ball python completely misses you. The ball python closely misses you.
The adder bites you but does no damage.
The ball python bites you but does no damage.
The ball python barely misses you. The adder bites you but does no damage.
You climb upwards.
* * * LOW HITPOINT WARNING * * *
You feel sick. The ogre barely misses you.
The ogre hits you with a +0 giant club.
* * * LOW HITPOINT WARNING * * *
The ogre closely misses you.
There is a stone staircase leading down here.
* * * LOW HITPOINT WARNING * * *
You feel sick. You block the adder's attack.
The ball python bites you but does no damage.
The ball python closely misses you. x2; The ball python barely misses you.
You block the adder's attack. The ogre misses you.
You climb downwards.
You hear the sound of rushing water.
There is an entrance to a sewer on this level.
Hurry and find it before the portal rusts away!
* * * LOW HITPOINT WARNING * * *
You feel sick.
There is a stone staircase leading up here.
Unknown command.
Unknown command.
Unknown command.
Unknown command.
You slash the ball python!
You kill the ball python!
You miss the adder. You hit the ogre. You slash the ogre!
You closely miss the ball python. You hit the adder.
You die...

#..# ..#
..## ...#
#..# #..#
#$####OS##
#....O@..#
..#.###SS.#
#...# ....#
....#
....##
#####


You could see 2 ogres, 2 adders and a ball python.

Vanquished Creatures
  4 adders
  A dart slug (D:2)
  10 endoplasms
  5 hobgoblins
  4 jackals (D:2)
  2 quokkas (D:1)
  6 ball pythons
  5 bats
  3 frilled lizards
  4 goblins (D:1)
  3 kobolds
  10 rats
57 creatures vanquished.

Notes
Turn   | Place    | Note
-------+----------+-------------------------------------------
     0 | D:1      | parzival7114810 the Hill Orc Fighter began the quest for
                  | the Orb.
     0 | D:1      | Reached XP level 1. HP: 19/19 MP: 1/1
   131 | D:1      | Found a faded altar of an unknown god.
   166 | D:1      | Found Hawasav's Book Emporium.
   385 | D:1      | Found Posurgh's Weapon Shoppe.
   395 | D:1      | Reached XP level 2. HP: 25/27 MP: 2/2
   426 | D:1      | Found Bishraule's Armour Shoppe.
   911 | D:1      | Found Hemu's Antique Armour Shoppe.
  1132 | D:1      | Reached XP level 3. HP: 29/33 MP: 3/3
  1804 | D:2      | Reached XP level 4. HP: 35/40 MP: 4/4
  2882 | D:4      | Noticed an ogre
  2895 | D:4      | Noticed an ogre
  2904 | D:5      | Entered Level 5 of the Dungeon
  2908 | D:5      | HP: 1/40 [poisoned by an adder]
  2909 | D:5      | Succumbed to an adder's poison

Illustrated notes

Levels and vault maps discovered:
D:1:      dpeg_arrival_windows_large_door, layout_loops_cross, serial_shops,
          nicolae_shop_window_shopping, nicolae_shop_waterfront, shop,
          nicolae_shop_advertising_works [nicolae_subvault_shop_adworks],
          shapermc_ecumenical_altar_starsandcircs
D:2:      layout_basic
D:3:      layout_loops_ring
D:4:      minmay_door_path, layout_cave_pools,
          nicolae_overflow_quartered_altars, makhleb_altar_promises_db,
          uniq_robin
D:5:      kennysheep_kobold_camp, layout_loops_ring, portal_sewer_entry_b

Skill      XL: |  1  2  3  4 |
---------------+-------------+-----
Axes           | 3 4 |  4.6
Fighting       | 4 |  4.1
Armour         | 4 |  4.0
Dodging        | |  0.2
Shields        | |  3.7

Action                   |  1- 3 |  4- 6 || total
-------------------------+-------+-------++-------
Melee: War axe           |   106 |    31 ||   137
  Use: Scroll            |     3 |     2 ||     5
       Potion            |     2 |       ||     2
Armor: Scale mail        |    70 |    26 ||    96
Dodge: Dodged            |    60 |    38 ||    98
Block: Buckler           |    30 |    10 ||    40

Table legend: (Time is in decaauts)
 A = Elapsed time spent in this place.
 B = Non-inter-level travel time spent in this place.
 C = Inter-level travel time spent in this place.
 D = Time resting spent in this place.
 E = Time spent auto-exploring this place.
 F = Levels seen in this place.
 G = Mean time per level.
                   A        B        C        D        E       F      G
               +--------+--------+--------+--------+--------+-----+--------+
         Total |   2985 |   2685 |    300 |    248 |   1792 |   5 |  597.0 |
       Dungeon |   2985 |   2685 |    300 |    248 |   1792 |   5 |  597.0 |
               +--------+--------+--------+--------+--------+-----+--------+

Top non-repeatable levels by time:
     D:1: 1341 daAuts
     D:2: 959 daAuts
     D:3: 657 daAuts
     D:4: 24 daAuts
     D:5: 3 daAuts
